[ PARTIDA AOE2 · #482008366 ]
UnrankedPolacos vs Persians
Equipo del jugador · VICT
Equipo rival · DERR
[ ANÁLISIS DE REPETICIÓN · EXTRAÍDO DE LA PARTIDA GRABADA ]
Feudal
10:21
Castillos
23:07
Imperial
—
| APM promedio | 37.5 |
| APM pico | 73 |
| eAPM promedio | 15.2 |
| Aldeanos / militares | 49 / 34 |
Foco
⚔️ 27.8% · 🌾 72.2%
Archer ×17 · Skirmisher ×8 · Mangonel ×5 · Militia ×3 · Knight ×1
Feudal
10:20
Castillos
28:19
Imperial
—
| APM promedio | 28.9 |
| APM pico | 52 |
| eAPM promedio | 14.5 |
| Aldeanos / militares | 67 / 62 |
Foco
⚔️ 34.1% · 🌾 65.9%
Archer ×59 · Skirmisher ×3
Mapa de la partida
Recursos iniciales + cada clic de construcción. Líneas = muros · curvas = relieve. ◆ oro · ⬟ piedra · ● bayas · ✦ reliquia · ◌ hueco del cierre
Tu base· ✓ Cerrada en 23:07 · 36t muro · sin puerta
Base de BoneWizard· Abierta — el rival se encerró
Terreno inicial suavizado · ◌ = hueco del cierre detectado · pasá el cursor para detalles
Inputs por minuto
— Plutos0101 - - BoneWizard
Build order — Plutos0101
146 acciones detectadas en el replay
| 0:00 | Crear | Villager (Male) |
| 0:01 | Crear | Villager (Male) |
| 0:01 | Crear | Villager (Male) |
| 0:02 | Construir | House |
| 0:03 | Construir | House |
| 0:11 | Crear | Villager (Male) |
| 1:27 | Crear | Villager (Male) |
| 1:28 | Crear | Villager (Male) |
| 2:06 | Crear | Villager (Male) |
| 2:10 | Crear | Villager (Male) |
| 2:10 | Crear | Villager (Male) |
| 2:24 | Construir | Lumber Camp |
| 2:44 | Crear | Villager (Male) |
| 2:44 | Crear | Villager (Male) |
| 3:07 | Crear | Villager (Male) |
| 3:07 | Crear | Villager (Male) |
| 3:24 | Construir | House |
| 3:34 | Crear | Villager (Male) |
| 4:12 | Crear | Villager (Male) |
| 4:32 | Crear | Villager (Male) |
| 4:32 | Crear | Villager (Male) |
| 4:44 | Construir | Mill |
| 5:13 | Crear | Villager (Male) |
| 5:13 | Crear | Villager (Male) |
| 5:41 | Crear | Villager (Male) |
| 5:56 | Crear | Villager (Male) |
| 5:56 | Crear | Villager (Male) |
| 5:57 | Crear | Villager (Male) |
| 5:57 | Crear | Villager (Male) |
| 6:56 | Investigar | Loom |
| 8:00 | Investigar | Feudal Age |
| 8:09 | Construir | Barracks |
| 8:34 | Construir | Farm |
| 8:57 | Construir | House |
| 9:03 | Crear | Militia |
| 9:04 | Crear | Militia |
| 9:04 | Crear | Militia |
| 9:18 | Construir | Mining Camp |
| 9:28 | Construir | Palisade Wall |
| 9:48 | Crear | Villager (Male) |
| 9:56 | Construir | Farm |
| 10:21 | Edad | Edad Feudal |
| 10:21 | Construir | Palisade Wall |
| 10:24 | Investigar | Man-at-Arms (upgrade) |
| 10:24 | Investigar | Man-at-Arms (upgrade) |
| 10:34 | Crear | Villager (Male) |
| 10:36 | Investigar | Double-Bit Axe |
| 11:26 | Crear | Villager (Male) |
| 11:31 | Construir | Archery Range |
| 12:10 | Crear | Villager (Male) |
| 12:18 | Construir | Archery Range |
| 12:25 | Crear | Archer |
| 12:26 | Crear | Archer |
| 12:27 | Crear | Villager (Male) |
| 12:34 | Construir | Blacksmith |
| 12:47 | Construir | Farm |
| 12:52 | Crear | Villager (Male) |
| 12:58 | Construir | House |
| 13:05 | Crear | Archer |
| 13:22 | Construir | Palisade Wall |
| 13:23 | Construir | Palisade Wall |
| 13:27 | Investigar | Fletching |
| 13:27 | Investigar | Fletching |
| 13:28 | Crear | Archer |
| 13:41 | Construir | Palisade Wall |
| 13:47 | Crear | Villager (Male) |
| 14:00 | Construir | House |
| 14:14 | Crear | Archer |
| 14:15 | Crear | Archer |
| 14:15 | Crear | Archer |
| 15:14 | Crear | Archer |
| 15:14 | Crear | Archer |
| 15:15 | Crear | Archer |
| 15:15 | Crear | Archer |
| 15:22 | Crear | Villager (Male) |
| 15:22 | Crear | Villager (Male) |
| 15:27 | Construir | House |
| 15:30 | Construir | Palisade Wall |
| 15:37 | Construir | House |
| 15:51 | Crear | Archer |
| 15:51 | Crear | Archer |
| 15:51 | Crear | Archer |
| 15:57 | Investigar | Padded Archer Armor |
| 15:57 | Investigar | Padded Archer Armor |
| 15:57 | Crear | Villager (Male) |
| 15:58 | Crear | Villager (Male) |
| 16:01 | Construir | Farm |
| 16:09 | Construir | Market |
| 16:24 | Construir | House |
| 16:32 | Crear | Archer |
| 16:33 | Crear | Archer |
| 16:33 | Crear | Archer |
| 16:54 | Construir | Farm |
| 16:56 | Construir | Farm |
| 17:00 | Construir | Farm |
| 17:06 | Construir | Farm |
| 17:11 | Construir | Farm |
| 17:31 | Construir | Farm |
| 17:37 | Investigar | Wheelbarrow |
| 18:01 | Construir | Mill |
| 18:25 | Construir | Farm |
| 18:43 | Construir | Lumber Camp |
| 18:50 | Crear | Villager (Male) |
| 18:51 | Crear | Villager (Male) |
| 19:05 | Construir | Farm |
| 20:23 | Construir | Mining Camp |
| 20:27 | Investigar | Castle Age |
| 20:27 | Investigar | Castle Age |
| 20:48 | Crear | Skirmisher |
| 20:49 | Crear | Skirmisher |
| 21:11 | Crear | Skirmisher |
| 21:12 | Crear | Skirmisher |
| 21:24 | Construir | Farm |
| 21:28 | Construir | Watch Tower |
| 21:42 | Construir | Watch Tower |
| 21:46 | Construir | House |
| 22:33 | Crear | Skirmisher |
| 22:33 | Crear | Skirmisher |
| 23:07 | Edad | Edad de los Castillos |
| 23:47 | Construir | Siege Workshop |
| 23:50 | Crear | Skirmisher |
| 23:51 | Crear | Skirmisher |
| 24:02 | Construir | House |
| 24:03 | Crear | Villager (Male) |
| 24:19 | Construir | Town Center |
| 25:05 | Crear | Villager (Male) |
| 25:24 | Crear | Villager (Male) |
| 25:36 | Crear | Villager (Male) |
| 25:39 | Crear | Mangonel |
| 25:44 | Crear | Villager (Male) |
| 25:44 | Crear | Villager (Male) |
| 26:22 | Crear | Villager (Male) |
| 26:41 | Crear | Mangonel |
| 26:41 | Crear | Mangonel |
| 26:48 | Crear | Villager (Male) |
| 27:23 | Construir | Stable |
| 27:57 | Crear | Mangonel |
| 27:58 | Crear | Villager (Male) |
| 27:59 | Crear | Villager (Male) |
| 28:04 | Construir | Farm |
| 28:27 | Crear | Knight |
| 28:31 | Construir | House |
| 28:48 | Crear | Villager (Male) |
| 28:49 | Crear | Villager (Male) |
| 29:50 | Construir | Castle |
| 30:13 | Crear | Mangonel |
Build order — BoneWizard
Primeras 150 de 188 acciones detectadas
| 0:02 | Crear | Villager (Male) |
| 0:02 | Crear | Villager (Male) |
| 0:03 | Crear | Villager (Male) |
| 0:03 | Crear | Villager (Male) |
| 0:05 | Construir | House |
| 0:10 | Construir | House |
| 0:13 | Construir | House |
| 0:15 | Construir | House |
| 1:37 | Crear | Villager (Male) |
| 1:37 | Crear | Villager (Male) |
| 1:37 | Crear | Villager (Male) |
| 2:01 | Construir | Lumber Camp |
| 2:29 | Crear | Villager (Male) |
| 2:30 | Crear | Villager (Male) |
| 2:41 | Crear | Villager (Male) |
| 2:41 | Crear | Villager (Male) |
| 3:27 | Crear | Villager (Male) |
| 3:27 | Crear | Villager (Male) |
| 3:27 | Crear | Villager (Male) |
| 4:00 | Construir | Mill |
| 4:08 | Crear | Villager (Male) |
| 4:08 | Crear | Villager (Male) |
| 4:47 | Crear | Villager (Male) |
| 4:48 | Crear | Villager (Male) |
| 5:14 | Crear | Villager (Male) |
| 5:14 | Crear | Villager (Male) |
| 5:32 | Construir | House |
| 6:17 | Crear | Villager (Male) |
| 6:17 | Crear | Villager (Male) |
| 6:43 | Crear | Villager (Male) |
| 6:43 | Crear | Villager (Male) |
| 6:44 | Investigar | Loom |
| 7:55 | Construir | Mining Camp |
| 8:08 | Construir | Barracks |
| 8:15 | Investigar | Feudal Age |
| 8:52 | Construir | House |
| 8:54 | Construir | House |
| 10:03 | Crear | Villager (Male) |
| 10:03 | Crear | Villager (Male) |
| 10:03 | Crear | Villager (Male) |
| 10:20 | Edad | Edad Feudal |
| 10:29 | Construir | Archery Range |
| 10:32 | Construir | Archery Range |
| 10:48 | Investigar | Double-Bit Axe |
| 11:43 | Crear | Villager (Male) |
| 11:43 | Crear | Villager (Male) |
| 11:43 | Crear | Villager (Male) |
| 12:13 | Crear | Villager (Male) |
| 12:14 | Crear | Villager (Male) |
| 12:40 | Crear | Villager (Male) |
| 12:40 | Crear | Villager (Male) |
| 12:40 | Crear | Villager (Male) |
| 12:40 | Crear | Villager (Male) |
| 12:41 | Crear | Villager (Male) |
| 12:41 | Crear | Villager (Male) |
| 12:49 | Construir | Archery Range |
| 13:05 | Construir | House |
| 13:08 | Construir | House |
| 13:12 | Construir | House |
| 13:13 | Construir | House |
| 13:20 | Construir | Blacksmith |
| 14:00 | Investigar | Horse Collar |
| 14:07 | Investigar | Fletching |
| 14:15 | Crear | Archer |
| 14:16 | Crear | Archer |
| 14:16 | Crear | Archer |
| 14:26 | Construir | Farm |
| 14:35 | Construir | Farm |
| 14:51 | Crear | Archer |
| 14:51 | Crear | Archer |
| 14:52 | Crear | Archer |
| 15:04 | Construir | Farm |
| 15:15 | Crear | Archer |
| 15:15 | Crear | Archer |
| 15:15 | Crear | Archer |
| 15:26 | Construir | Farm |
| 15:28 | Crear | Villager (Male) |
| 15:46 | Crear | Archer |
| 15:46 | Crear | Archer |
| 15:46 | Crear | Archer |
| 15:58 | Construir | Farm |
| 15:59 | Construir | Farm |
| 16:03 | Crear | Villager (Male) |
| 16:11 | Crear | Archer |
| 16:11 | Crear | Archer |
| 16:11 | Crear | Archer |
| 16:15 | Crear | Archer |
| 16:18 | Crear | Villager (Male) |
| 16:37 | Crear | Villager (Male) |
| 16:38 | Construir | Farm |
| 16:52 | Construir | House |
| 16:54 | Construir | House |
| 16:55 | Construir | House |
| 17:00 | Crear | Villager (Male) |
| 17:06 | Crear | Archer |
| 17:07 | Crear | Archer |
| 17:12 | Crear | Archer |
| 17:16 | Crear | Villager (Male) |
| 17:30 | Crear | Archer |
| 17:31 | Crear | Archer |
| 17:34 | Crear | Archer |
| 17:55 | Construir | House |
| 17:56 | Construir | House |
| 18:01 | Crear | Villager (Male) |
| 18:02 | Crear | Villager (Male) |
| 18:07 | Investigar | Padded Archer Armor |
| 18:18 | Crear | Villager (Male) |
| 18:20 | Crear | Archer |
| 18:20 | Crear | Archer |
| 18:21 | Crear | Archer |
| 18:35 | Crear | Villager (Male) |
| 18:38 | Crear | Archer |
| 18:38 | Crear | Archer |
| 18:40 | Crear | Archer |
| 18:52 | Crear | Villager (Male) |
| 18:59 | Construir | Farm |
| 19:05 | Construir | Farm |
| 19:13 | Crear | Archer |
| 19:14 | Crear | Archer |
| 19:15 | Crear | Archer |
| 19:59 | Crear | Villager (Male) |
| 20:00 | Crear | Villager (Male) |
| 20:00 | Crear | Villager (Male) |
| 20:22 | Crear | Villager (Male) |
| 20:31 | Crear | Archer |
| 20:31 | Crear | Archer |
| 20:31 | Crear | Archer |
| 20:37 | Crear | Skirmisher |
| 20:47 | Construir | Farm |
| 20:58 | Crear | Archer |
| 21:03 | Crear | Archer |
| 21:12 | Crear | Skirmisher |
| 21:32 | Crear | Villager (Male) |
| 21:33 | Crear | Villager (Male) |
| 21:43 | Crear | Villager (Male) |
| 21:43 | Crear | Villager (Male) |
| 21:45 | Crear | Archer |
| 21:45 | Crear | Archer |
| 21:46 | Crear | Skirmisher |
| 22:16 | Crear | Villager (Male) |
| 23:11 | Crear | Villager (Male) |
| 23:11 | Crear | Villager (Male) |
| 23:17 | Construir | Farm |
| 23:18 | Construir | Farm |
| 23:19 | Construir | Farm |
| 23:20 | Construir | Farm |
| 23:21 | Construir | Farm |
| 23:57 | Crear | Archer |
| 23:58 | Crear | Archer |
| 23:58 | Crear | Archer |
Cronología de la partida
| 8:08 | BoneWizard · first_building Barracks |
| 8:09 | Plutos0101 · first_building Barracks |
| 9:28 | Plutos0101 · wall_segment Palisade Wall x4 |
| 10:20 | BoneWizard · age_up feudal |
| 10:21 | Plutos0101 · age_up feudal |
| 10:21 | Plutos0101 · wall_segment Palisade Wall x8 |
| 10:29 | BoneWizard · first_building Archery Range |
| 11:31 | Plutos0101 · first_building Archery Range |
| 13:22 | Plutos0101 · wall_segment Palisade Wall x4 |
| 13:23 | Plutos0101 · wall_segment Palisade Wall x13 |
| 13:41 | Plutos0101 · wall_segment Palisade Wall x1 |
| 15:30 | Plutos0101 · wall_segment Palisade Wall x7 |
| 20:01 | Plutos0101 · first_market_buy 100 food |
| 22:15 | Plutos0101 · first_market_sell 100 wood |
| 23:07 | Plutos0101 · age_up castle |
| 23:47 | Plutos0101 · first_building Siege Workshop |
| 27:23 | Plutos0101 · first_building Stable |
| 28:19 | BoneWizard · age_up castle |
| 29:50 | Plutos0101 · first_building Castle |
| 30:26 | BoneWizard · resign |
[ ANÁLISIS IA · 1 CRÉDITO ]
¿Qué pasó realmente en esta partida?
Wolo.gg analiza cada decisión: build order, eco, micro, errores típicos por bracket. Análisis personalizado por WhatsApp o Discord en 30 segundos.
Guía civ
Polacos
Perfil
Jugador #20346131